 Dungeon Crawl Stone Soup version 0.25-a0-697-g890751e744 (webtiles) character file.

Game seed: 9594734078234394275, levelgen mode: deterministic

487 Esekla the Skirmisher (level 7, -2/57 HPs)
             Began as a Formicid Abyssal Knight on Mar 31, 2020.
             Was a Believer of Lugonu.
             Slain by an ogre
             ... wielding a +0 giant club
              (13 damage)
             ... on level 4 of the Dungeon.
             The game lasted 00:27:44 (5049 turns).

Esekla the Skirmisher (Formicid Abyssal Knight)     Turns: 5049, Time: 00:27:45

Health: -2/57      AC:  5    Str: 18    XL:     7   Next: 36%
Magic:  0/9        EV: 11    Int: 12    God:    Lugonu [**....]
Gold:   277        SH:  3    Dex: 10    Spells: 6/6 levels left

rFire    + . .     SeeInvis +   a - +1 falchion
rCold    + . .     Gourm    .   h - +0 buckler
rNeg     . . .     Faith    .   b - +0 leather armour
rPois    .         Spirit   +   (helmet unavailable)
rElec    .         Reflect  .   g - scarf {rC+ rF+}
rCorr    .         Harm     .   e - +1 pair of gloves
MR       .....                  (no boots)
Stlth    ++........             q - amulet of guardian spirit
HPRegen  0.19/turn              (no ring)
MPRegen  0.11/turn              (no ring)

@: no status effects
A: permanent stasis, dig shafts and tunnels, four strong arms, antennae 3
a: Dig, Shaft Self, Depart the Abyss, Bend Space, Renounce Religion


You were on level 4 of the Dungeon.
You worshipped Lugonu.
Lugonu was pleased with you.
You were very hungry.

You visited 1 branch of the dungeon, and saw 5 of its levels.
You visited the Abyss 1 time.
You also visited: Sewer.

You collected 277 gold pieces.

Inventory:

Hand Weapons
 a - a +1 falchion (weapon)
 z - a +0 spear
 A - a +0 vampiric short sword
Missiles
 B - 3 javelins (quivered)
Armour
 b - a +0 leather armour (worn)
 e - a +1 pair of gloves (worn)
 g - a scarf of resistance (worn)
 h - a +0 buckler (worn)
 s - a scarf of spirit shield
 x - a +2 robe of magic resistance
Jewellery
 q - an amulet of guardian spirit (around neck)
Scrolls
 d - 2 scrolls of fog {unknown}
 i - 2 scrolls of blinking {unknown}
 m - 2 scrolls of teleportation {unknown}
 n - 2 scrolls of remove curse {unknown}
 p - 3 scrolls of magic mapping {unknown}
 u - 4 scrolls of random uselessness {unknown}
 w - 3 scrolls of identify {unknown}
 y - 3 scrolls of amnesia {unknown}
Potions
 f - a potion of degeneration {unknown}
 j - a potion of magic {unknown}
 k - 2 potions of stabbing {unknown}
 l - a potion of brilliance {unknown}
 o - 3 potions of curing
 r - 2 potions of ambrosia {unknown}
 t - 3 potions of flight {unknown}
 v - a potion of lignification {unknown}
Comestibles
 c - 6 rations


   Skills:
 * Level 5.7 Fighting
 + Level 4.0 Long Blades
 + Level 0.1 Throwing
 + Level 3.4 Armour
 + Level 2.3 Dodging
 + Level 2.4 Stealth
 + Level 0.6 Shields
 + Level 3.0 Invocations


You had 6 spell levels left.
You didn't know any spells.
Your spell library was empty.

Dungeon Overview and Level Annotations

Branches:
Dungeon (5/15)              Sewer (visited)
 Temple: D:4-7

Altars:
Makhleb


Innate Abilities, Weirdness & Mutations

You cannot be hasted, slowed, berserked, paralysed or teleported.
You can dig through walls and to a lower floor.
Your four strong arms can wield two-handed weapons with a shield.
You have a pair of large antennae on your head. (SInv)


Message History

The ogre is moderately wounded.
The ogre closely misses you.
You hit the ogre.
The ogre is moderately wounded.
The ogre hits you but does no damage.
You hit the ogre.
The ogre is moderately wounded.
You slash the ogre!
The ogre is severely wounded.
The ogre hits you with a +0 giant club!!
* * * LOW HITPOINT WARNING * * *
Okay, then.
You barely miss the ogre.
The ogre is severely wounded.
The ogre hits you but does no damage.
Found a scroll labeled WOHUBA UVIUFO.
You barely miss the ogre.
The ogre is severely wounded.
The ogre hits you with a +0 giant club!
You die...

#..#.........#
#.#.........#
#.......###.#
##......# .#
#.#####..>....#
#
#.............#
#######Z###+###
#O# #@#
......).....#
?.....#.#####
#######.# ..#
###


You could see an ogre and an adder skeleton.

Vanquished Creatures
  A big kobold (Sewer)
  A scorpion (D:4)
  3 hounds
  A centaur skeleton (D:4)
  2 worker ants
  A hound zombie (D:5)
  11 adders
  A river rat (D:3)
  5 dart slugs
  3 leopard geckos
  4 ball pythons
  7 bats
  6 giant cockroaches
  4 goblins
  2 hobgoblins
  4 jackals
  7 kobolds
  A quokka (D:4)
  4 frilled lizards
  A leopard gecko skeleton (D:4)
  A quokka skeleton (D:4)
  12 rats
82 creatures vanquished.

Vanquished Creatures (others)
  2 starspawn tentacles (Abyss:3)
2 creatures vanquished.

Grand Total: 84 creatures vanquished

Notes
Turn   | Place    | Note
-------+----------+-------------------------------------------
     0 | Abyss:1  | Esekla the Formicid Abyssal Knight began the quest for the
                  | Orb.
     0 | Abyss:1  | Reached XP level 1. HP: 18/18 MP: 2/2
   194 | Abyss:2  | Noticed a ynoxinul
   306 | Abyss:3  | Noticed an ancient zyme
   308 | Abyss:3  | Noticed a thrashing horror
   317 | Abyss:3  | Noticed an ancient zyme
   325 | Abyss:3  | Noticed a tentacled starspawn
   333 | D:1      | Escaped the Abyss
   472 | D:1      | Reached XP level 2. HP: 25/25 MP: 3/3
   783 | D:1      | Reached XP level 3. HP: 20/30 MP: 5/5
   847 | D:2      | Reached * piety under Lugonu
  1117 | D:2      | Reached skill level 4 in Fighting
  1117 | D:2      | Reached skill level 1 in Dodging
  1117 | D:2      | Reached XP level 4. HP: 15/37 MP: 6/6
  1441 | D:2      | Reached XP level 5. HP: 28/43 MP: 7/7
  1730 | D:2      | Found a burning altar of Makhleb,
  1859 | D:2      | Reached skill level 1 in Stealth
  2690 | D:3      | Found a glowing drain,
  2727 | Sewer    | Entered a sewer
  2896 | Sewer    | Noticed a big kobold
  2962 | Sewer    | Killed a big kobold
  2962 | Sewer    | Reached skill level 5 in Fighting
  2962 | Sewer    | Reached XP level 6. HP: 27/51 MP: 6/8
  3140 | Sewer    | Found a glowing silver altar of Zin,
  3607 | D:3      | Reached ** piety under Lugonu
  4247 | D:4      | HP: 2/51 [hound (4)]
  4249 | D:4      | Reached XP level 7. HP: 10/56 MP: 2/9
  4804 | D:5      | Entered Level 5 of the Dungeon
  5049 | D:4      | Slain by an ogre

Levels and vault maps discovered:
D:1:      minmay_arrival_nine_rooms, layout_basic
D:2:      layout_basic, makhleb_blood_cavern_becter
D:3:      layout_loops_corners, first_ration, portal_sewer_entry_e,
          chequers_serial_rivers_room_b
D:4:      minmay_spotlight, layout_basic
D:5:      layout_basic, serial_glass, glass_columns_a, glass_columns_c,
          minivault_24, grunt_ministairs_15, serial_bayou_pond_d,
          okawaru_altar_gauntlet_db, uniq_blork_the_orc

Skill      XL: |  1  2  3  4  5  6  7 |
---------------+----------------------+-----
Fighting       | 4 5 |  5.7
Dodging        | 1 2 |  2.3
Invocations    | 3 |  3.0
Armour         | 3 |  3.4
Stealth        | 1 2 |  2.4
Long Blades    | 3 4 |  4.0
Throwing       | |  0.1
Shields        | |  0.6

Action                   |  1- 3 |  4- 6 |  7- 9 || total
-------------------------+-------+-------+-------++-------
Melee: Falchion          |    52 |   243 |    51 ||   346
Throw: Javelin           |       |       |     5 ||     5
Invok: Depart the Abyss  |     1 |       |       ||     1
  Use: Potion            |       |     1 |       ||     1
 Stab: Sleeping          |       |     1 |       ||     1
  Eat: Chunk             |     1 |     6 |     2 ||     9
       Ration            |       |     1 |       ||     1
Armor: Leather armour    |    14 |    93 |    17 ||   124
Dodge: Dodged            |    38 |   158 |    23 ||   219
Block: Buckler           |       |    18 |     3 ||    21
       Rpst.: Falchion   |    12 |    48 |     7 ||    67

Table legend:
 A = Non-vault XP
 B = Vault XP
 C = Vault XP percentage of total XP
 D = Non-vault monster count
 E = Vault monster count
 F = Vault count percentage of total count
                 A         B        C        D         E       F
            +---------+---------+-------+---------+---------+-------
      Total |     517 |     179 |  25.7 |      62 |      20 |  24.4
            +---------+---------+-------+---------+---------+-------
        D:1 |      29 |       0 |   0.0 |      13 |       0 |   0.0
        D:2 |     158 |      43 |  21.4 |      24 |       1 |   4.0
        D:3 |      64 |      24 |  27.3 |      11 |       8 |  42.1
        D:4 |     246 |       0 |   0.0 |      13 |       0 |   0.0
        D:5 |      20 |       0 |   0.0 |       1 |       0 |   0.0
      Sewer |       0 |     112 | 100.0 |       0 |      11 | 100.0
            +---------+---------+-------+---------+---------+-------
